 Dungeon Crawl Stone Soup version 0.31-a0-806-g0bc164a743 (webtiles) character file.

Game seed: 17620563117100288127

24 GordonOverkill the Sneak (level 3, 0/29 HPs)
             Began as a Formicid Delver on Sept 21, 2023.
             Slain by a shadow imp (5 damage)
             ... on level 6 of the Dungeon.
             The game lasted 00:01:35 (197 turns).

GordonOverkill the Sneak (Formicid Delver)           Turns: 197, Time: 00:01:36

Health: 0/29       AC:  3    Str: 18    XL:     3   Next: 15%
Magic:  3/3        EV: 12    Int:  9    God:
Gold:   10         SH:  0    Dex: 15    Spells: 2/2 levels left

rFire   . . .        a - +0 mace
rCold   . . .        (no shield)
rNeg    . . .        b - +0 leather armour
rPois   .            (helmet unavailable)
rElec   .            (no cloak)
rCorr   .            (no gloves)
SInv    +            (no boots)
Will    .....        (no amulet)
Stlth   +++          (no ring)
HPRegen 0.24/turn    (no ring)
MPRegen 0.08/turn

%: no passive effects
@: no status effects
A: permanent stasis, dig shafts and tunnels, antennae 3, four strong arms
a: Dig, Shaft Self


You were on level 6 of the Dungeon.
You visited 1 branch of the dungeon, and saw 4 of its levels.

You collected 10 gold pieces.

Inventory:

Hand Weapons
 a - a +0 mace (weapon)
Armour
 b - a +0 leather armour (worn)
Wands
 f - a wand of digging (3)
Scrolls
 c - a scroll of fog
 e - a scroll of fear


   Skills:
 + Level 3.6 Fighting
 - Level 2.4 Maces & Flails
 - Level 2.1 Dodging
 - Level 6.3 Stealth


You had 2 spell levels left.
You didn't know any spells.
Your spell library was empty.

Dungeon Overview and Level Annotations

Branches:
Dungeon (8/15)
 Temple: D:4-7         Lair: D:8-11

Altars:
Ru

Annotations:
D:7 Joseph


Innate Abilities, Weirdness & Mutations

You cannot be hasted, slowed, berserked, paralysed or teleported.
You can dig through walls and to a lower floor.
You have a pair of large antennae on your head. (SInv)
Your four strong arms can wield two-handed weapons with a shield.


Message History

You hit the shadow imp.
The shadow imp is heavily wounded.
The shadow imp barely misses you.
You barely miss the shadow imp.
The shadow imp is heavily wounded.
The shadow imp closely misses you.
The shadow imp picks up a beetle and eats it.
The shadow imp gestures at you. Pain shoots through your body!
* * * LOW HITPOINT WARNING * * *
You hit the shadow imp.
The shadow imp is severely wounded.
The shadow imp closely misses you.
You barely miss the shadow imp.
The shadow imp is severely wounded.
The shadow imp misses you.
You hit the shadow imp.
The shadow imp is almost dead.
The shadow imp misses you.
You barely miss the shadow imp.
The shadow imp is almost dead.
The shadow imp hits you.
* * * LOW HITPOINT WARNING * * *
The shadow imp closely misses you.
You hit the shadow imp but do no damage.
The shadow imp is almost dead.
The shadow imp shouts, "Disclaim thyself, thou wayward sheep-biting measle!"
The shadow imp barely misses you.
You hit the shadow imp.
The shadow imp is almost dead.
The shadow imp closely misses you.
You hit the shadow imp but do no damage.
The shadow imp is almost dead.
The shadow imp hits you.
* * * LOW HITPOINT WARNING * * *
The shadow imp barely misses you.
You closely miss the shadow imp.
The shadow imp is almost dead.
The shadow imp hits you.
You die...

. ... .....#####
###. . ........@#
#... #..
.....###5####.# ..
########.##...##.#
#.............#
#....>....5.#
#.............#
#..........##..#
#............ ..5.
#..........## ###


You could see a shadow imp.

Vanquished Creatures
  An orc wizard (D:8)
1 creature vanquished.

Notes
Turn   | Place    | Note
-------+----------+-------------------------------------------
     0 | D:5      | GordonOverkill the Formicid Delver began the quest for the
                  | Orb.
     0 | D:5      | Reached XP level 1. HP: 18/18 MP: 1/1
     7 | D:5      | Noticed a phantom
    24 | D:5      | Noticed a sleepcap
    69 | D:5      | Noticed an orc priest
    76 | D:5      | You fall into a shaft and drop 3 floors!
    77 | D:8      | Found a sacrificial altar of Ru.
    97 | D:7      | Noticed an orc wizard
    97 | D:7      | Noticed an orc wizard
   105 | D:8      | Killed an orc wizard
   106 | D:8      | Reached XP level 2. HP: 11/24 MP: 2/2
   106 | D:8      | Reached XP level 3. HP: 14/29 MP: 3/3
   170 | D:7      | Noticed a hornet
   171 | D:7      | Noticed Joseph
   197 | D:6      | Slain by a shadow imp

Illustrated notes

Levels and vault maps discovered:
D:5:      nicolae_BIG_FREAKIN_CUBE, layout_rooms, uniq_sigmund, uniq_edmund,
          uniq_duvessa
D:6:      layout_rooms, mainiacjoe_overflow_alcove_2, st_stairs_14,
          nicolae_shop_unique_rings, dk_rats_in_the_wall
D:7:      layout_rooms, minmay_temple_entry_slanted, enter_bailey_5,
          gammafunk_ghost_gnarly_gnolls, hex_tiny, serial_bayou_pond_d,
          nicolae_figureground_pulse, uniq_joseph
D:8:      layout_rooms, lemuel_round_altar, grunt_dithmenos_smoke_and_mirrors,
          lemuel_doored_altar, nicolae_overflow_squiral, enter_ossuary_4,
          kennysheep_generic_room_12, uniq_grum, uniq_maggie, uniq_psyche,
          uniq_jeremiah

Skill      XL: |  1 |
---------------+----+-----
Dodging        | 2 |  2.1
Fighting       | |  3.6
Maces & Flails | |  2.4
Stealth        | |  6.3

Action                     || total
---------------------------++-------
  Melee: Mace              ||    19
         Punch             ||     1
Ability: Shaft Self        ||     1
    Use: Scroll            ||     1
 Armour: Leather armour    ||    11
  Dodge: Dodged            ||    15

Table legend: (Time is in decaauts)
 A = Elapsed time spent in this place.
 B = Non-inter-level travel time spent in this place.
 C = Inter-level travel time spent in this place.
 D = Time resting spent in this place.
 E = Time spent auto-exploring this place.
 F = Levels seen in this place.
 G = Mean time per level.
                   A        B        C        D        E       F      G
               +--------+--------+--------+--------+--------+-----+--------+
         Total |    203 |    203 |      0 |     67 |      0 |   4 |   50.8 |
       Dungeon |    203 |    203 |      0 |     67 |      0 |   4 |   50.8 |
               +--------+--------+--------+--------+--------+-----+--------+

Top non-repeatable levels by time:
     D:8: 93 daAuts
     D:5: 74 daAuts
     D:6: 28 daAuts
     D:7: 7 daAuts
